 Dungeon Crawl Stone Soup version 0.21-a0-151-ga4fe563 (webtiles) character file.

1054 tehllama the Digger (level 8, -6/43 HPs)
             Began as a Gargoyle Earth Elementalist on July 30, 2017.
             Killed from afar by a steam dragon (17 damage)
             ... with a ball of steam
             ... on level 5 of the Dungeon on July 31, 2017.
             The game lasted 00:19:17 (5006 turns).

tehllama the Digger (Gargoyle Earth Elementalist)   Turns: 5006, Time: 00:19:19

Health: -6/43      AC:  8    Str: 12    XL:     8   Next: 26%
Magic:  11/15      EV: 18    Int: 18    God:
Gold:   259        SH:  0    Dex: 10    Spells: 7/16 levels left

rFire    . . .     SeeInvis .   h - +0 whip
rCold    . . .     Gourm    .   (no shield)
rNeg     + . .     Faith    .   c - +0 robe
rPois    ∞         Spirit   .   (no helmet)
rElec    +         Reflect  .   (no cloak)
rCorr    .         Harm     .   g - +0 pair of gloves {archery}
MR       .....                  (no boots)
Stlth    +++.......             r - amulet of rage
HPRegen  0.14/turn              a - +6 ring of evasion
MPRegen  0.14/turn              A - ring of stealth

@: no status effects
A: negative energy resistance 1, electricity resistance, unbreathing,
petrification resistance, rot immunity, AC +5
a: Evoke Berserk Rage


You were on level 5 of the Dungeon.
You were not hungry.

You visited 1 branch of the dungeon, and saw 5 of its levels.

You collected 259 gold pieces.

Inventory:

Hand Weapons
 h - a +0 whip (weapon)
Missiles
 b - 43 stones (quivered)
Armour
 c - a +0 robe (worn)
 g - a +0 pair of gloves of archery (worn)
 j - a +0 pair of gloves
Jewellery
 a - a +6 ring of evasion (left hand)
 r - an amulet of rage (around neck)
 A - a ring of stealth (right hand)
Wands
 w - a wand of confusion (22/48)
 C - a wand of confusion (19/48)
Scrolls
 i - 2 scrolls of identify
 k - 2 scrolls of recharging {unknown}
 l - 3 scrolls of remove curse {unknown}
 n - 4 scrolls of teleportation {unknown}
 p - 2 scrolls of enchant weapon {unknown}
 s - a scroll of magic mapping {unknown}
 y - a scroll of fear {unknown}
 z - a scroll of noise {unknown}
 B - a scroll of enchant armour {unknown}
Potions
 f - 4 potions of curing
 q - 2 potions of heal wounds
 t - 4 potions of cancellation {unknown}
 u - a potion of brilliance {unknown}
 v - 2 potions of mutation {unknown}
 x - a potion of berserk rage {unknown}
 E - 2 potions of flight {unknown}
Books
 e - a book of Geomancy

   Spells                             Type                      Level
   a - Sandblast                      Earth                        1
   b - Passwall                       Transmutation/Earth          2
   c - Stone Arrow                    Conjuration/Earth            3
   d - Petrify                        Transmutation/Earth          4
   e - Lee's Rapid Deconstruction     Earth                        5
Comestibles
 d - 7 bread rations
 m - 2 meat rations
 o - 3 royal jellies
 D - 2 fruits


   Skills:
 + Level 1.4 Fighting
 + Level 1.3 Maces & Flails
 + Level 1.5 Armour
 + Level 2.1 Dodging
 - Level 2.1 Stealth
 + Level 4.7 Spellcasting
 + Level 4.7 Conjurations
   Level 0.7 Transmutations
 + Level 7.2 Earth Magic
 + Level 1.5 Evocations


You had 7 spell levels left.
You knew the following spells:

 Your Spells              Type           Power        Failure   Level  Hunger
a - Sandblast             Erth           ####..       1%          1    None
b - Stone Arrow           Conj/Erth      ####..       3%          3    ###....
c - Lee's Rapid Deconstr  Erth           ####......   19%         5    ######.


Dungeon Overview and Level Annotations

Branches:
Dungeon (5/15)
 Temple: D:4-7

Altars:
Dithmenos
Fedhas
Wu Jian
Yredelemnul

Shops:
D:4 (


Innate Abilities, Weirdness & Mutations

You are resistant to torment.
Your stone body is resilient. (AC +5)
You are immune to poison.
You resist negative energy. (rN+)
You are resistant to electric shocks. (rElec)
You can survive without breathing.
You are immune to petrification.
You are immune to rotting.


Message History

The steam dragon is moderately wounded.
The steam dragon hisses angrily.
The steam dragon breathes steam at you. The ball of steam hits you!
You are engulfed in a cloud of scalding steam.
You are engulfed in a cloud of scalding steam.
The steam dragon completely misses you. The steam dragon closely misses you.
Casting: Stone Arrow
Confirm with . or Enter, or press ? or * to list all spells.
Aiming: Sandblast
Press: ? - help, Shift-Dir - straight line, f/p - steam dragon
Aim: a steam dragon (steam, moderately wounded, catching its breath)
The blast of sand hits the steam dragon.
The steam dragon is moderately wounded.
b - 43 stones You are engulfed in a cloud of scalding steam.
* * * LOW HITPOINT WARNING * * *
The steam dragon breathes steam at you. The ball of steam hits you!
You die...

#####..#..................#####..
#####..#.....#............# #..
.(..<(..(#..#..#####......#####..
.............###.≈.##.....#......
........###..#.≈..≈.##...#.......
######..# ####≈....≈P#..#........
#..###.#≈≈....PP##.......... #
#..#..<#PP.DD.≈.####........ #
#....####^≈@P≈^#####........ #
##....##.#P§.§P##.##.........
#####...)....##≈§≈#.#.##.........
...#####).....#..≈#..............
##.## #.....#.#≈..##..#..........
##..# #.#.#.#.#..≈###........##..
###.###.....###≈.≈#.....####.##..
.........#....#^.P#..............
#.............##.≈#.......##.....


You could see 2 steam dragons.

Vanquished Creatures
  An ice beast (D:5)
  An ogre (D:5)
  2 centaurs
  A scorpion (D:4)
  2 jellies (D:5)
  An orc priest (D:4)
  A gnoll shaman (D:5)
  4 orc wizards (D:4)
  A bullfrog skeleton (D:4)
  5 iguanas
  2 worker ants (D:4)
  A howler monkey zombie (D:5)
  5 gnolls (D:5)
  6 adders
  A shadow imp (D:5)
  A worm (D:3)
  A dart slug (D:2)
  5 leopard geckos
  13 orcs
  10 bats
  5 giant cockroaches
  5 goblins
  11 hobgoblins
  2 jackals (D:3)
  7 kobolds
  4 quokkas
  2 ball pythons
  4 frilled lizards
  2 gnoll zombies (D:5)
  10 rats
116 creatures vanquished.

Notes
Turn   | Place    | Note
-------+----------+-------------------------------------------
     0 | D:1      | tehllama the Gargoyle Earth Elementalist began the quest for the Orb.
     0 | D:1      | Reached XP level 1. HP: 10/10 MP: 3/3
   178 | D:1      | Reached skill level 4 in Earth Magic
   178 | D:1      | Reached XP level 2. HP: 11/15 MP: 5/5
   624 | D:1      | Reached XP level 3. HP: 19/19 MP: 6/6
   629 | D:1      | Learned a level 3 spell: Stone Arrow
  1196 | D:2      | Reached XP level 4. HP: 23/24 MP: 4/8
  1280 | D:2      | Found an ornate altar of the Wu Jian Council.
  1438 | D:2      | Reached skill level 1 in Conjurations
  1438 | D:2      | Reached skill level 5 in Earth Magic
  1811 | D:3      | Reached XP level 5. HP: 22/28 MP: 1/9
  2086 | D:3      | Found a shadowy altar of Dithmenos.
  2635 | D:4      | Reached XP level 6. HP: 25/32 MP: 7/11
  2642 | D:4      | Learned a level 5 spell: Lee's Rapid Deconstruction
  2750 | D:4      | Reached skill level 6 in Earth Magic
  3385 | D:4      | Found a blossoming altar of Fedhas.
  3627 | D:4      | Reached XP level 7. HP: 15/36 MP: 8/13
  3896 | D:4      | Found Qahileprea's Weapon Shop.
  3925 | D:5      | Entered Level 5 of the Dungeon
  4135 | D:5      | Found a basalt altar of Yredelemnul.
  4209 | D:5      | Reached skill level 1 in Fighting
  4219 | D:5      | Reached skill level 1 in Armour
  4340 | D:5      | Reached skill level 7 in Earth Magic
  4349 | D:5      | Reached skill level 1 in Maces & Flails
  4349 | D:5      | Reached XP level 8. HP: 41/43 MP: 6/15
  4452 | D:5      | Reached skill level 1 in Evocations
  5006 | D:5      | Killed from afar by a steam dragon

Vault maps used:
D:1:      saegor_arrival_simple_d
D:2:      lemuel_doored_altar
D:3:      nicolae_dithmenos_shadow_blocks, first_bread, hangedman_decor_push,
          minmay_guardbox
D:4:      fedhas_bush_and_centaur_altar, serial_shops,
          nicolae_shop_competitors_out_of_business
D:5:      kennysheep_steamy, lemuel_zombie_altar_yredelemnul, minivault_19

Skill      XL: |  1  2  3  4  5  6  7  8 |
---------------+-------------------------+-----
Earth Magic    | 4 5 6 7 |  7.2
Spellcasting   | 3 4 |  4.7
Conjurations   | 1 2 3 4 |  4.7
Fighting       | 1 |  1.4
Armour         | 1 |  1.5
Maces & Flails | 1 |  1.3
Evocations     | 1 |  1.5
Dodging        | 2 |  2.1
Stealth        | |  2.1
Transmutations | |  0.7

Action                   |  1- 3 |  4- 6 |  7- 9 || total
-------------------------+-------+-------+-------++-------
Melee: Whip              |   164 |   234 |    39 ||   437
       Unarmed           |    10 |       |       ||    10
       Club              |     5 |       |       ||     5
 Cast: Stone Arrow       |     1 |     1 |    15 ||    17
       Sandblast         |       |    78 |    32 ||   110
       Lee's Rapid Decon |       |       |     1 ||     1
  Use: Scroll            |       |       |     2 ||     2
       Potion            |       |       |     2 ||     2
 Stab: Sleeping          |     4 |     1 |       ||     5
  Eat: Chunk             |     1 |     8 |     1 ||    10
       Meat ration       |       |       |     1 ||     1
Armor: Robe              |    32 |    69 |    17 ||   118
Dodge: Dodged            |   178 |   313 |    73 ||   564
